 Dungeon Crawl Stone Soup version 0.31-a0-430-gf8416d752b (webtiles) character file.

Game seed: 4160249134449992959

60 Ethylacetat the Insei (level 3, -2/20 (29) HPs)
             Began as a Demigod Shapeshifter on July 31, 2023.
             Slain by an adder (3 damage)
             ... on level 3 of the Dungeon.
             The game lasted 00:02:56 (1975 turns).

Ethylacetat the Insei (Demigod Shapeshifter)        Turns: 1975, Time: 00:02:57

HP:   -2/20 (29)    AC:  0    Str: 16    XL:     3   Next: 57%
MP:   5/5           EV: 13    Int: 10    God:
Gold: 54            SH:  0    Dex: 18    Spells: 2/2 levels left

rFire   . .          .
                       - Unarmed
rCold   . . .        (no shield)
rNeg    . . .        (no body armour)
rPois   .            (helmet currently unavailable)
rElec   .            (cloak currently unavailable)
rCorr   .            (gloves currently unavailable)
SInv    .            (boots currently unavailable)
Will    .....        (no amulet)
Stlth   ++           (no ring)
HPRegen 0.23/turn    (no ring)
MPRegen 0.09/turn

%: no passive effects
@: lethally poisoned (-2 -> -6), beast-form, very heavily drained
A: beast (slay +2), high MP 1, forlorn, divine attributes
a: Begin Untransformation


You were on level 3 of the Dungeon.
You were a hulking beast.
You visited 1 branch of the dungeon, and saw 3 of its levels.

You collected 54 gold pieces.

Inventory:

Hand Weapons
 j - a +2 mace of draining
Talismans
 c - a beast talisman (active)
Scrolls
 a - 2 scrolls of identify {unknown}
 f - 2 scrolls of noise {unknown}
 g - a scroll of silence {unknown}
 h - a scroll of immolation {unknown}
 i - a scroll of revelation {unknown}
 k - 2 scrolls of amnesia {unknown}
 l - a scroll of enchant weapon {unknown}
 m - a scroll of teleportation {unknown}
 o - a scroll of enchant armour {unknown}
 r - a scroll of fear {unknown}
 s - a scroll of poison {unknown}
Potions
 b - a potion of lignification
 d - a potion of resistance
 e - a potion of attraction
 p - a potion of brilliance {unknown}
 q - a potion of degeneration {unknown}
 t - a potion of heal wounds {unknown}


   Skills:
 + Level 1.8 Fighting
 + Level 2.4 Dodging
 + Level 3.1 Unarmed Combat
 + Level 3.0 Shapeshifting


You had 2 spell levels left.
You didn't know any spells.
Your spell library was empty.

Dungeon Overview and Level Annotations

Branches:
Dungeon (3/15)

Shops:
D:2 [


Innate Abilities, Weirdness & Mutations

You are a hulking beast.
Your limbs bulge with bestial killing power. (Slay +2)
You have an increased reservoir of magic. (+10% MP)
You shall have no god before yourself.
Your divine heritage dramatically boosts your attributes as you level up.


Message History

You start resting.
You feel less attractive to monsters.
You start resting.
Your transformation is almost over.
You feel less wooden.
You turn into a hulking beast.
Things that are here:
a +2 mace of draining; a +0 chain mail; an orc corpse
j - a +2 mace of draining You start to feel less resistant.
Your resistance to elements expires.
An adder comes into view.
An adder is nearby!
The adder hisses angrily.
The adder barely misses you.
You hit the adder.
The adder is lightly wounded.
The adder bites you.
You are poisoned.
The adder poisons you!
You barely miss the adder.
The adder is lightly wounded.
You feel sick. The adder bites you.
You punch the adder!
The adder is severely wounded.
You feel sick. The adder bites you.
You are more poisoned.
The adder poisons you! The adder bites you.
You are too injured to fight recklessly!
You are too injured to fight recklessly!
You miss the adder.
The adder is severely wounded.
* * * LOW HITPOINT WARNING * * *
You feel sick. The adder bites you.
* * * LOW HITPOINT WARNING * * *
You miss the adder.
The adder is severely wounded.
* * * LOW HITPOINT WARNING * * *
You feel sick. The adder bites you.
You die...

##### ....
#..## #S.#
#h# #.####
#....#
####.####
#....#
########
####.#
#.).....
#.###.#####.
#..##.#####.
##....#<....


You could see an adder.

Vanquished Creatures
  A gnoll (D:1)
  An adder (D:2)
  A worm (D:3)
  2 dart slugs (D:1)
  An orc (D:3)
  A ball python (D:2)
  3 bats
  2 endoplasms (D:2)
  2 giant cockroaches (D:1)
  A goblin (D:1)
  3 hobgoblins
  4 jackals (D:2)
  2 kobolds
  A quokka (D:2)
  2 frilled lizards (D:1)
  4 rats
31 creatures vanquished.

Notes
Turn   | Place    | Note
-------+----------+-------------------------------------------
     0 | D:1      | Ethylacetat the Demigod Shapeshifter began the quest for
                  | the Orb.
     0 | D:1      | Reached XP level 1. HP: 15/15 MP: 3/3
    34 | D:1      | Reached skill level 1 in Fighting
   184 | D:1      | Reached XP level 2. HP: 4/23 MP: 4/4
   862 | D:2      | Reached XP level 3. HP: 18/28 MP: 5/5
  1610 | D:2      | Found Torghyeq's Armour Boutique.
  1975 | D:3      | HP: 1/20 [poisoned by an adder]
  1975 | D:3      | Slain by an adder

Illustrated notes

Levels and vault maps discovered:
D:1:      elethiomel_arrival_shortcut, layout_loops_cross,
          hellmonk_ecumenical_altar_run_dry
D:2:      layout_loops_corners, basic_altar, serial_shops, shop
D:3:      layout_basic, nicolae_overflow_crystal_walls

Skill      XL: |  1  2  3 |
---------------+----------+-----
Fighting       | 1 |  1.8
Dodging        | 2 |  2.4
Unarmed Combat | 3 |  3.1
Shapeshifting  | 3 |  3.0

Action                     || total
---------------------------++-------
  Melee: Unarmed           ||    92
         Punch             ||     3
    Use: Potion            ||     5
   Stab: Sleeping          ||     1
 Armour: Animal skin       ||     2
         Skin              ||     3
  Dodge: Dodged            ||    53

Table legend: (Time is in decaauts)
 A = Elapsed time spent in this place.
 B = Non-inter-level travel time spent in this place.
 C = Inter-level travel time spent in this place.
 D = Time resting spent in this place.
 E = Time spent auto-exploring this place.
 F = Levels seen in this place.
 G = Mean time per level.
                   A        B        C        D        E       F      G
               +--------+--------+--------+--------+--------+-----+--------+
         Total |   1969 |   1904 |     65 |     51 |   1614 |   3 |  656.3 |
       Dungeon |   1969 |   1904 |     65 |     51 |   1614 |   3 |  656.3 |
               +--------+--------+--------+--------+--------+-----+--------+

Top non-repeatable levels by time:
     D:2: 1029 daAuts
     D:1: 708 daAuts
     D:3: 231 daAuts
